 Dungeon Sprint DCSS version 0.23-a0-183-gf37f6fb (webtiles) character file.

2800000 namelastname112 the Formicid Barricade (level 20, -20/197 HPs)
             Began as a Formicid Fighter on Sept 23, 2018.
             Was an Elder of Makhleb.
             Demolished by a meat berserker
             ... wielding a +9 battleaxe
              (42 damage)
             ... in the Dungeon (Sprint VIII: "Arena of Blood").
             The game lasted 00:00:44 (28 turns).

namelastname112 the Formicid Barricade (FoFi)         Turns: 28, Time: 00:00:45

Health: -20/197    AC: 13    Str: 24    XL:     20   Next: 56%
Magic:  20/36      EV: 19    Int:  8    God:    Makhleb [****..]
Gold:   0          SH: 19    Dex: 16    Spells: 44/44 levels left

rFire    . . .     SeeInvis +     - Unarmed
rCold    . . .     Gourm    .   b - +0 shield
rNeg     . . .     Faith    .   a - +0 scale mail
rPois    .         Spirit   .   (helmet unavailable)
rElec    .         Reflect  .   (no cloak)
rCorr    .         Harm     .   (no gloves)
MR       ++...                  (no boots)
Stlth    +++++.....             (no amulet)
HPRegen  0.42/turn              (no ring)
MPRegen  0.25/turn              (no ring)

@: no status effects
A: permanent stasis, dig shafts and tunnels, four strong arms, antennae 3
a: Dig, Minor Destruction, Lesser Servant of Makhleb, Major Destruction,
Renounce Religion


You were in the Dungeon.
You worshipped Makhleb.
Makhleb was greatly pleased with you.
You were not hungry.

You visited 1 branch

Inventory:

Armour
 a - a +0 scale mail (worn)
 b - a +0 shield (worn)
Scrolls
 j - a scroll of blinking
Potions
 c - a potion of might
 e - a potion of curing
 f - a potion of heal wounds
 g - a potion of haste
 h - 2 potions of magic
 i - a potion of berserk rage
Comestibles
 d - a ration


   Skills:
 O Level 27 Fighting
 O Level 27 Axes
 + Level 12.9 Throwing
 O Level 27 Armour
 + Level 12.0 Dodging
 + Level 16.1 Stealth
 O Level 27 Shields
 O Level 27 Unarmed Combat
 + Level 12.9 Spellcasting
 + Level 15.0 Invocations


You had 44 spell levels left.
You didn't know any spells.
Your spell library was empty.

Dungeon Overview and Level Annotations

Branches:
Dungeon (1/1)

Altars:
Makhleb

Annotations:
D The Servant


Innate Abilities, Weirdness & Mutations

You cannot be hasted, slowed, berserked, paralysed or teleported.
You can dig through walls and to a lower floor.
Your four strong arms can wield two-handed weapons with a shield.
You have a pair of large antennae on your head. (SInv)


Message History

The meat berserker is lightly wounded.
You hear a shout! x5
You block the meat berserker's attack.
You hear a shout!
The bag of meat hits you with a +9 war axe!!
* * * LOW HITPOINT WARNING * * *
A bag of meat comes into view. It is wielding a +9 war axe.
You hear a shout!
The Servant appears out of thin air!
Harold the Weathered comes into view.
He is wielding a +9 glaive of flaming.
You hear a shout!
You take 34 damage, and have 45/197 hp.
The Servant shouts!
You pummel the meat berserker!!
The meat berserker is lightly wounded.
You hear a shout! x5
The bag of meat hits you with a +9 war axe!!
* * * LOW HITPOINT WARNING * * *
The meat berserker hits you with a +9 battleaxe!!!
You die...

{ #.. ..# #.. ..#
.###.. ..###.
..o...###......
....._..... .
#.....# ...
#_.oo_# .
.....#ooO))#..o.
....O.)@oOO......
..@....###oo.....
..###.. {..###..
#.. { ..# . #..{{


oo# ... ... .... .... .... You could see The Servant, 4 meat berserkers and 8
bags of meat.

Vanquished Creatures
  6 ogres (D)
  8 orcs (D)
14 creatures vanquished.

Notes
Turn   | Place    | Note
-------+----------+-------------------------------------------
     0 | D        | Found the +∞ Axe of Woe
     0 | D        | namelastname112 the Formicid Fighter began the quest for
                  | the Orb.
     0 | D        | Reached XP level 1. HP: 18/18 MP: 1/1
     3 | D        | Noticed a bag of meat
     4 | D        | Became a worshipper of Makhleb the Destroyer
     7 | D        | Noticed a bag of meat
     8 | D        | Noticed a bag of meat
     8 | D        | Noticed a bag of meat
     9 | D        | Killed a bag of meat
     9 | D        | Reached XP level 2. HP: 47/47 MP: 2/2
     9 | D        | Reached XP level 3. HP: 53/53 MP: 3/3
     9 | D        | Reached XP level 4. HP: 60/60 MP: 4/4
     9 | D        | Reached XP level 5. HP: 67/67 MP: 5/5
     9 | D        | Reached XP level 6. HP: 74/74 MP: 6/6
     9 | D        | Reached XP level 7. HP: 80/80 MP: 7/7
     9 | D        | Reached XP level 8. HP: 87/87 MP: 8/8
     9 | D        | Reached XP level 9. HP: 93/93 MP: 9/9
     9 | D        | Reached XP level 10. HP: 101/101 MP: 10/10
     9 | D        | Reached XP level 11. HP: 107/107 MP: 11/11
     9 | D        | Reached XP level 12. HP: 114/114 MP: 12/12
     9 | D        | Noticed a bag of meat
     9 | D        | Noticed a bag of meat
     9 | D        | Noticed a bag of meat
    12 | D        | Noticed a bag of meat
    12 | D        | Noticed a meat berserker
    12 | D        | Noticed a bag of meat
    12 | D        | Noticed a bag of meat
    12 | D        | Noticed a meat berserker
    12 | D        | Noticed a meat berserker
    12 | D        | Noticed a bag of meat
    13 | D        | Killed a bag of meat
    13 | D        | Reached * piety under Makhleb
    13 | D        | Reached skill level 10 in Unarmed Combat
    13 | D        | Reached XP level 13. HP: 126/126 MP: 13/13
    13 | D        | Noticed a bag of meat
    13 | D        | Noticed a bag of meat
    14 | D        | Killed a meat berserker
    14 | D        | Reached XP level 14. HP: 54/141 MP: 14/14
    14 | D        | Reached XP level 15. HP: 56/147 MP: 15/15
    14 | D        | Noticed a meat berserker
    14 | D        | Noticed a meat berserker
    15 | D        | Killed a meat berserker
    15 | D        | Reached ** piety under Makhleb
    15 | D        | Reached skill level 10 in Axes
    15 | D        | Reached XP level 16. HP: 63/163 MP: 16/16
    15 | D        | Reached skill level 27 in Shields
    15 | D        | Noticed a meat berserker
    15 | D        | Noticed a meat berserker
    16 | D        | Killed a meat berserker
    16 | D        | Reached skill level 27 in Fighting
    16 | D        | Reached skill level 27 in Armour
    16 | D        | Reached XP level 17. HP: 113/174 MP: 17/17
    16 | D        | Reached *** piety under Makhleb
    16 | D        | Reached XP level 18. HP: 165/182 MP: 18/18
    16 | D        | Noticed a meat berserker
    17 | D        | Killed a meat berserker
    18 | D        | Killed a meat berserker
    18 | D        | Reached **** piety under Makhleb
    18 | D        | Reached skill level 27 in Axes
    18 | D        | Reached XP level 19. HP: 186/189 MP: 19/19
    18 | D        | Reached skill level 27 in Unarmed Combat
    19 | D        | Killed a meat berserker
    19 | D        | Reached skill level 10 in Dodging
    19 | D        | Reached XP level 20. HP: 197/197 MP: 19/35
    19 | D        | Reached skill level 15 in Invocations
    22 | D        | Noticed a meat berserker
    25 | D        | Noticed a meat berserker
    27 | D        | Noticed The Servant
    28 | D        | Demolished by a meat berserker

Vault maps used:
D:        meatsprint

Skill      XL: |  1  2  3  4  5  6  7  8  9 10 11 12 13 14 15 16 17 18 19 20 |
---------------+-------------------------------------------------------------+-----
Fighting       | 17 19 22 25 27 | 27.0
Axes           | 4 6 10 18 20 27 | 27.0
Armour         | 17 19 22 25 27 | 27.0
Shields        | 18 21 24 26 27 | 27.0
Unarmed Combat | 9 10 12 13 16 18 26 27 | 27.0
Throwing       | 11 12 | 12.9
Dodging        | 10 12 | 12.0
Stealth        | 14 16 | 16.1
Spellcasting   | 11 12 | 12.9
Invocations    | 13 15 | 15.0

Action                   |  1- 3 |  4- 6 |  7- 9 | 10-12 | 13-15 | 16-18 | 19-21 || total
-------------------------+-------+-------+-------+-------+-------+-------+-------++-------
Melee: Executioner's axe |     1 |       |       |     1 |     2 |     3 |     1 ||     8
       Unarmed           |       |       |       |       |       |       |     6 ||     6
Dodge: Dodged            |       |       |       |       |       |       |     2 ||     2
Block: Shield            |       |       |       |     1 |       |       |     5 ||     6

Table legend:
 A = Non-vault XP
 B = Vault XP
 C = Vault XP percentage of total XP
 D = Non-vault monster count
 E = Vault monster count
 F = Vault count percentage of total count
                 A         B        C        D         E       F
            +---------+---------+-------+---------+---------+-------
      Total |  151520 |  228000 |  60.1 |       6 |       8 |  57.1
            +---------+---------+-------+---------+---------+-------
          D |  151520 |  228000 |  60.1 |       6 |       8 |  57.1
            +---------+---------+-------+---------+---------+-------
